 Dungeon Crawl Stone Soup version 0.30-a0-639-g3916f1956a (webtiles) character file.

Game seed: 7333057441018110481

219 bmack86 the Chopper (level 5, -1/47 HPs)
             Began as a Minotaur Fighter on Jan 16, 2023.
             Slain by an ogre
             ... wielding a +0 giant spiked club
              (20 damage)
             ... on level 3 of the Dungeon.
             The game lasted 00:05:51 (2003 turns).

bmack86 the Chopper (Minotaur Fighter)              Turns: 2003, Time: 00:05:52

Health: -1/47      AC:  7    Str: 29    XL:     5   Next: 64%
Magic:  4/4        EV:  9    Int:  5    God:
Gold:   90         SH:  4    Dex:  9    Spells: 4/4 levels left

rFire   . . .      SeeInvis .    a - +1 war axe
rCold   . . .      Faith    .    c - +0 buckler
rNeg    . . .      Spirit   .    b - +0 scale mail
rPois   .          Reflect  .    (helmet restricted)
rElec   .          Harm     .    (no cloak)
rCorr   +          Rampage  .    (no gloves)
Will    .....                    (no boots) Stlth
                                 f - amulet of the acrobat
HPRegen 0.27/turn                j - +6 ring of strength
MPRegen 0.09/turn                e - ring of resist corrosion

@: no status effects
A: horns 2, retaliatory headbutt
a: no special abilities


You were on level 3 of the Dungeon.
You visited 1 branch of the dungeon, and saw 4 of its levels.

You collected 90 gold pieces.

Inventory:

Hand Weapons
 a - a +1 war axe (weapon)
Armour
 b - a +0 scale mail (worn)
 c - a +0 buckler (worn)
Jewellery
 e - a ring of resist corrosion (right hand)
 f - an amulet of the acrobat (around neck)
 j - a +6 ring of strength (left hand)
Scrolls
 h - a scroll of magic mapping {unknown}
 m - a scroll of brand weapon {unknown}
 n - a scroll of enchant armour {unknown}
Potions
 d - a potion of might
 g - 2 potions of resistance
 i - 2 potions of curing
 k - a potion of lignification {unknown}
 l - 2 potions of berserk rage {unknown}


   Skills:
 + Level 4.7 Fighting
 * Level 4.9 Axes
 + Level 4.7 Armour
 + Level 4.7 Shields


You had 4 spell levels left.
You didn't know any spells.
Your spell library contained the following spells:

 Spells                   Type           Power      Damage    Failure   Level
 Beastly Appendage        Tmut           0%         N/A       80%         1
 Wereblood                Tmut           0%         N/A       91%         2
 Ignite Poison            Fire/Tmut/Pois 0%         N/A       99%         3
 Kindle Blastsparks       Fire/Tloc/Air  0%         2d10      99%         3
 Spider Form              Tmut/Pois      0%         N/A       99%         3
 Olgreb's Toxic Radiance  Pois           0%         N/A       100%        4
 Freezing Cloud           Conj/Ice/Air   0%         6-21      100%        5
 Ozocubu's Refrigeration  Ice            0%         4d7       100%        7
 Ignition                 Fire           0%         3d3       100%        8


Dungeon Overview and Level Annotations

Branches:
Dungeon (4/15)
 Temple: D:4-7

Altars:

Shops:
D:3 (


Innate Abilities, Weirdness & Mutations

You have a pair of horns on your head.
You reflexively headbutt those who attack you in melee.


Message History

There is a stone staircase leading down here.
You climb downwards.
There is a stone staircase leading up here.
As you read the scroll of identify, it crumbles to dust.
i - 2 potions of curing An iguana comes into view.
The iguana hisses angrily.
Found a stone staircase leading down.
You block the iguana's attack.
You slash the iguana! Your headbutt misses the iguana.
The iguana is heavily wounded.
The iguana barely misses you.
You closely miss the iguana.
The iguana is heavily wounded.
The iguana barely misses you. You furiously retaliate!
You headbutt the iguana, but do no damage.
You slash the iguana!
The iguana is almost dead.
You block the iguana's attack. The iguana barely misses you.
You slash the iguana!
You kill the iguana!
You see here an iguana corpse.
An endoplasm comes into view.
An ogre comes into view. It is wielding a +0 giant spiked club.
Found a stone staircase leading up.
The endoplasm quivers.
The ogre shouts!
Sorry, you're not good enough to have a special ability.
The endoplasm closely misses you. You furiously retaliate!
You headbutt the endoplasm!
You kill the endoplasm!
The ogre misses you.
There is a stone staircase leading up here.
The ogre hits you with a +0 giant spiked club!!
Ouch! That really hurt!
You climb upwards.
There is a stone staircase leading down here.
You slash the ogre!
The ogre is heavily wounded.
The ogre hits you with a +0 giant spiked club!!
You die...

###############
#......#......#####
#....#.#.#........######
#..........##.#........#
#....#)#.####.#.#.##.#.#
#.#.##)#.####.#.#.##.#.#
#.#.##.#......#.#>...#.#
#......#.....@#.#.##.#.#
###.####.....O#.#.##.#.#
#.# #...............#
#.# #......####.#.###
#.# #......####.#.####
#.## #.......<#.......#
#..###......#.#..#.##.#
#...######.##.#..#.##.#
##.## #.........##.#


You could see an ogre.

Vanquished Creatures
  A scorpion (D:3)
  A hound (D:3)
  An iguana (D:4)
  3 adders
  2 worms (D:2)
  A dart slug (D:2)
  4 ball pythons
  7 bats
  6 endoplasms
  A giant cockroach (D:1)
  5 goblins
  7 hobgoblins
  6 jackals
  3 quokkas
  5 frilled lizards
  4 kobolds
  11 rats
  A toadstool (D:1)
69 creatures vanquished.

Vanquished Creatures (others)
  12 plants (D:2)
  6 toadstools (D:1)
18 creatures vanquished.

Grand Total: 87 creatures vanquished

Notes
Turn   | Place    | Note
-------+----------+-------------------------------------------
     0 | D:1      | bmack86 the Minotaur Fighter began the quest for the Orb.
     0 | D:1      | Reached XP level 1. HP: 19/19 MP: 0/0
   157 | D:1      | Reached XP level 2. HP: 25/27 MP: 1/1
   539 | D:1      | Reached XP level 3. HP: 33/33 MP: 2/2
   972 | D:2      | Identified the +0 ring mail of Apyepp {*Slow rPois rF+
                  | SInv}
  1307 | D:3      | Reached XP level 4. HP: 40/40 MP: 3/3
  1758 | D:3      | Found Igarchesu's Antique Weapon Emporium.
  1769 | D:3      | Noticed a scorpion
  1772 | D:3      | Killed a scorpion
  1773 | D:3      | Reached XP level 5. HP: 44/47 MP: 4/4
  1990 | D:4      | Noticed an ogre
  2003 | D:3      | Slain by an ogre

Illustrated notes

Levels and vault maps discovered:
D:1:      nagdon_arrival_zigzag_paths, layout_loops_ring, st_stairs_11
D:2:      layout_basic, serial_bayou_pond_c
D:3:      layout_loops_cross, serial_shops, shop
D:4:      layout_loops_ring, gammafunk_ghost_arena

Skill      XL: |  1  2  3  4 |
---------------+-------------+-----
Axes           | 3 4 |  4.9
Shields        | 4 |  4.7
Fighting       | 4 |  4.7
Armour         | 4 |  4.7

Action                   |  1- 3 |  4- 6 || total
-------------------------+-------+-------++-------
Melee: War axe           |    71 |    35 ||   106
       Headbutt          |     8 |     1 ||     9
  Use: Scroll            |       |     5 ||     5
Armor: Scale mail        |    31 |    10 ||    41
Dodge: Dodged            |    71 |    36 ||   107
Block: Buckler           |    22 |    11 ||    33

Table legend: (Time is in decaauts)
 A = Elapsed time spent in this place.
 B = Non-inter-level travel time spent in this place.
 C = Inter-level travel time spent in this place.
 D = Time resting spent in this place.
 E = Time spent auto-exploring this place.
 F = Levels seen in this place.
 G = Mean time per level.
                   A        B        C        D        E       F      G
               +--------+--------+--------+--------+--------+-----+--------+
         Total |   2042 |   1945 |     97 |      0 |   1347 |   4 |  510.5 |
       Dungeon |   2042 |   1945 |     97 |      0 |   1347 |   4 |  510.5 |
               +--------+--------+--------+--------+--------+-----+--------+

Top non-repeatable levels by time:
     D:1: 728 daAuts
     D:3: 664 daAuts
     D:2: 598 daAuts
     D:4: 51 daAuts
